 Dungeon Crawl Stone Soup version 0.28-a0-1555-g9ae15a6949 (webtiles) character file.

Game seed: 3709156978043373406

116 issech the Ducker (level 4, 0/45 HPs)
             Began as a Troll Fighter on Jan 18, 2022.
             Slain by a white imp (2 damage)
             ... summoned by Natasha
             ... on level 2 of the Dungeon.
             The game lasted 00:06:49 (1050 turns).

issech the Ducker (Troll Fighter)                   Turns: 1050, Time: 00:06:50

Health: 0/45       AC:  4    Str: 26    XL:     4   Next: 69%
Magic:  3/3        EV:  8    Int:  4    God:
Gold:   35         SH:  7    Dex:  9    Spells: 3/3 levels left

rFire   . . .      SeeInvis .   a - +0 flail
rCold   . . .      Faith    .   c - +0 kite shield
rNeg    . . .      Spirit   .   b - +0 robe
rPois   .          Reflect  .   (helmet restricted)
rElec   .          Harm     .   (no cloak)
rCorr   .          Rampage  .   (gloves unavailable)
Will    .....                   (boots unavailable)
Stlth   +.........              (no amulet)
HPRegen 0.95/turn               (no ring)
MPRegen 0.08/turn               (no ring)

@: mighty
A: large, unfitting armour, claws 3, regeneration 1, shaggy fur 1, tough skin 1
a: no special abilities


You were on level 2 of the Dungeon.
You visited 1 branch of the dungeon, and saw 2 of its levels.

You collected 35 gold pieces.

Inventory:

Hand Weapons
 a - a +0 flail (weapon)
 k - a +0 dagger
 o - a +0 whip
 r - a +0 flail
 t - a +0 dagger
 w - a +2 dagger of venom
Missiles
 j - 14 stones (quivered)
 l - 9 poisoned darts
 n - 53 sling bullets
 p - 5 javelins
 u - 13 bolts
Armour
 b - a +0 robe (worn)
 c - a +0 kite shield (worn)
 h - a +0 leather armour
 i - a +0 helmet
 m - a +0 ring mail
 s - a +0 chain mail
 v - a +0 pair of gloves
Scrolls
 e - a scroll of amnesia {unknown}
 f - a scroll of fear {unknown}
 g - a scroll of fog {unknown}
Potions
 q - a potion of haste {unknown}
 x - a potion of heal wounds {unknown}


   Skills:
 + Level 3.0 Fighting
 + Level 2.7 Maces & Flails
 + Level 3.1 Dodging
 + Level 0.3 Stealth
 + Level 2.9 Shields


You had 3 spell levels left.
You didn't know any spells.
Your spell library was empty.

Dungeon Overview and Level Annotations

Branches:
Dungeon (2/15)

Altars:

Annotations:
D:2 Natasha, Sigmund


Innate Abilities, Weirdness & Mutations

You are too large for most types of armour.
You have claws for hands.
Your natural rate of healing is unusually fast.
You are covered in fur. (AC +1)
You have tough skin. (AC +1)


Message History

Sigmund closely misses you.
Sigmund hits you from afar with a +0 scythe.
You thump Sigmund!
Sigmund is moderately wounded.
Sigmund hits you with a +0 scythe!
You barely miss Sigmund.
Sigmund is moderately wounded.
Sigmund screams, "Only death can liberate you!"
Sigmund gestures at you while chanting. The magic dart hits you.
* * * LOW HITPOINT WARNING * * *
You thump Sigmund!
Sigmund is severely wounded.
You block Sigmund's attack.
Natasha mewls in sadness.
Natasha mumbles some strange words.
You barely miss Sigmund.
Sigmund is severely wounded.
Sigmund hits you with a +0 scythe!
* * * LOW HITPOINT WARNING * * *
You block the white imp's attack.
The crimson imp grinds its teeth.
You closely miss Sigmund.
Sigmund is severely wounded.
The crimson imp disappears in a puff of smoke!
Sigmund hits you but does no damage. You block the white imp's attack.
You sock Sigmund!
Sigmund is almost dead.
The white imp hits you but does no damage.
Natasha mumbles some strange words.
Sigmund points at you and mumbles some strange words.
You block the puff of flame. The white imp hits you.
* * * LOW HITPOINT WARNING * * *
The white imp freezes you.
* * * LOW HITPOINT WARNING * * *
You block Sigmund's attack.
You barely miss Sigmund.
Sigmund is almost dead.
The white imp hits you.
You die...

##### #...###### ##
######......... ..
#........###### #.
##########@####.>##
#.
...$...5h@5#.....#
#.
############>##..#
#. #.##..##########
#.##............
#.##............
#.###.##########
#.# #.# #.# #.#


You could see Sigmund, Natasha, a white imp (summoned) and a shadow imp
(summoned).

Vanquished Creatures
  Natasha (D:2)
  Terence (D:2)
  3 adders (D:2)
  A dart slug (D:1)
  4 ball pythons (D:1)
  3 endoplasms (D:1)
  2 hobgoblins (D:1)
  7 jackals
  A kobold (D:1)
  A quokka (D:1)
  6 bats
  A frilled lizard (D:1)
  2 rats (D:1)
33 creatures vanquished.

Notes
Turn   | Place    | Note
-------+----------+-------------------------------------------
     0 | D:1      | issech the Troll Fighter began the quest for the Orb.
     0 | D:1      | Reached XP level 1. HP: 22/22 MP: 0/0
    95 | D:1      | Reached XP level 2. HP: 29/29 MP: 1/1
   660 | D:2      | Reached XP level 3. HP: 36/36 MP: 2/2
   691 | D:2      | Noticed Natasha
   691 | D:2      | Noticed Terence
   702 | D:2      | Killed Terence
   710 | D:2      | Killed Natasha
   711 | D:2      | Reached XP level 4. HP: 22/45 MP: 3/3
  1022 | D:2      | Noticed Sigmund
  1022 | D:2      | Noticed Natasha
  1047 | D:2      | HP: 2/45 [Sigmund (11)]
  1050 | D:2      | Slain by a white imp

Illustrated notes

Levels and vault maps discovered:
D:1:      matt_arrival_refuge, layout_rooms, chequers_serial_rivers_small_b,
          grunt_decor_arrowhead
D:2:      layout_loops_ring, shapermc_ecumenical_altar_pompeii, minivault_25,
          uniq_natasha, uniq_terence, uniq_sigmund

Skill      XL: |  1  2  3 |
---------------+----------+-----
Maces & Flails | 2 |  2.7
Fighting       | 3 |  3.0
Dodging        | 3 |  3.1
Stealth        | |  0.3
Shields        | |  2.9

Action                   |  1- 3 |  4- 6 || total
-------------------------+-------+-------++-------
Melee: Flail             |   103 |    67 ||   170
       Unarmed           |     3 |       ||     3
  Use: Potion            |       |     1 ||     1
 Stab: Sleeping          |     1 |       ||     1
Armor: Robe              |    69 |    53 ||   122
Dodge: Dodged            |    51 |    50 ||   101
Block: Kite shield       |    47 |    36 ||    83

Table legend: (Time is in decaauts)
 A = Elapsed time spent in this place.
 B = Non-inter-level travel time spent in this place.
 C = Inter-level travel time spent in this place.
 D = Time resting spent in this place.
 E = Time spent auto-exploring this place.
 F = Levels seen in this place.
 G = Mean time per level.
                   A        B        C        D        E       F      G
               +--------+--------+--------+--------+--------+-----+--------+
         Total |   1122 |   1122 |      0 |      0 |    451 |   2 |  561.0 |
       Dungeon |   1122 |   1122 |      0 |      0 |    451 |   2 |  561.0 |
               +--------+--------+--------+--------+--------+-----+--------+

Top non-repeatable levels by time:
     D:1: 674 daAuts
     D:2: 447 daAuts
